 Dungeon Crawl Stone Soup version 0.19-a0-607-g42021f0 (webtiles) character file.

120274 pk666 the Warrior (level 16, -11/155 HPs)
             Began as a Minotaur Berserker on June 12, 2016.
             Was the Champion of Trog.
             Mangled by a death yak (14 damage)
             ... led by Polyphemus
             ... on level 3 of the Shoals.
             The game lasted 01:50:48 (36872 turns).

pk666 the Warrior (Minotaur Berserker)             Turns: 36872, Time: 01:50:48

Health: -11/155    AC: 26    Str: 28    XL:     16   Next: 29%
Magic:  4/4        EV: 15    Int:  4    God:    Trog [******]
Gold:   2197       SH:  0    Dex: 11    Spells: 0 memorised, 15 levels left

rFire  + . .     SeeInvis .     a - +3 executioner's axe (antimagic)
rCold  . . .     Gourm    +     e - +0 plate armour {MR+}
rNeg   . . .     Faith    .     (shield currently unavailable)
rPois  .         Spirit   .     (helmet restricted)
rElec  .         Dismiss  .     t - +0 cloak
rCorr  .         Reflect  .     v - +1 pair of gloves
SustAt +         Harm     .     p - +2 pair of boots {Fly}
MR     ++...                    X - amulet of the gourmand
Stlth  ..........               Z - ring of protection from fire
                                E - ring of sustain attributes

@: flying, very resistant to hostile enchantments, extremely unstealthy
A: retaliatory headbutt, horns 2, low mp 1
a: Berserk, Trog's Hand, Brothers in Arms, Burn Spellbooks, Renounce Religion,
Stop Flying


You were on level 3 of the Shoals.
You worshipped Trog.
Trog was exalted by your worship.
You were completely stuffed.

You visited 5 branches of the dungeon, and saw 27 of its levels.
You also visited: Sewer.

You collected 2197 gold pieces.

Inventory:

Hand Weapons
 a - a +3 antimagic executioner's axe (weapon)
 b - the +8 trident of the Stork {drain, Str+6}
   (You found it on level 7 of the Dungeon)

   A truly terrible weapon, it drains the life of those it strikes.
   It affects your strength (+6).
 W - the +3 battleaxe of Fatigue {drain, Str+2 Int+4}
   (Trog gifted it to you on level 1 of the Orcish Mines)

   A truly terrible weapon, it drains the life of those it strikes.
   It affects your strength (+2).
   It affects your intelligence (+4).
 Y - a +1 antimagic battleaxe
Armour
 e - a +0 plate armour of magic resistance (worn)
 p - a +2 pair of boots of flying (worn)
 t - a +0 cloak (worn)
 v - a +1 pair of gloves (worn)
Jewellery
 o - a +3 ring of intelligence
 E - a ring of sustain attributes (left hand)
 F - an uncursed ring of stealth
 G - an uncursed amulet of faith {unknown}
 H - an uncursed ring of stealth
 M - an uncursed ring of resist corrosion {unknown}
 X - an amulet of the gourmand (around neck)
 Z - a ring of protection from fire (right hand)
Wands
 h - a wand of flame (39/48)
 x - a wand of random effects (31/48)
 y - a wand of digging (11/24)
 U - a wand of disintegration (22/24)
Scrolls
 d - 9 scrolls of remove curse
 f - 3 scrolls of enchant armour
 g - 11 scrolls of identify
 j - a scroll of silence
 l - a scroll of blinking
 r - a scroll of acquirement
 u - 6 scrolls of teleportation
 C - a scroll of summoning
 J - 2 scrolls of fog
 L - 5 scrolls of magic mapping
 S - 2 scrolls of fear
 T - 2 scrolls of holy word {unknown}
Potions
 k - 8 potions of curing
 m - 2 potions of magic
 q - 2 potions of haste
 w - 3 potions of brilliance
 z - 4 potions of resistance
 A - 4 potions of cure mutation {unknown}
 B - a potion of cancellation {unknown}
 D - a potion of invisibility
 I - a potion of agility {unknown}
 K - 2 potions of mutation {unknown}
 O - a potion of might {unknown}
 Q - a potion of ambrosia {unknown}
 R - a potion of beneficial mutation {unknown}
Comestibles
 c - 16 bread rations
 i - 6 meat rations
 n - 4 beef jerkies
 s - 2 fruits
 N - 5 slices of pizza
 P - a royal jelly


   Skills:
 + Level 17.3 Fighting
 + Level 17.1 Axes
 + Level 17.1 Armour
 + Level 15.7 Dodging


You had 15 spell levels left.
You didn't know any spells.

Dungeon Overview and Level Annotations

Branches:
Dungeon (15/15)            Temple (0/1) D:6            Lair (6/6) D:8
 Shoals (3/4) Lair:2        Snake (1/4) Lair:2        Slime (0/5) Lair:6
    Orc (2/2) D:9             Elf (0/3) Orc:2        Vaults (0/5) D:13
 Depths (0/5) D:15

Altars:
Ashenzari
Dithmenos
Fedhas
Gozag
Pakellas
Qazlal
Sif Muna
Trog
Uskayaw
Vehumet
Xom
Yredelemnul
The Shining One
Beogh

Shops:
D:4 }   D:6 :   D:9 *   D:10 [   D:12 %   Orc:1 }   Orc:2 :*[(

Annotations:
Lair:6 exclusion: 4 oklob plants
Shoals:3 Polyphemus


Innate Abilities, Weirdness & Mutations

You reflexively headbutt those who attack you in melee.
You have a pair of horns on your head.
Your magical capacity is low. (-10% MP)


Message History

* * * LOW HITPOINT WARNING * * *
You feel very sick.
The snapping turtle bites you but does no damage.
* * * LOW HITPOINT WARNING * * *
You feel very sick.
You feel better.
The snapping turtle bites you from afar.
* * * LOW HITPOINT WARNING * * *
2 death yaks and Polyphemus come into view.
Polyphemus shouts, "Attack, my pets!
Attack!"
The death yak bellows! x2
The death yak moves out of view.
A death yak comes into view.
Polyphemus throws a large rock.
The large rock hits you!
* * * LOW HITPOINT WARNING * * *
You see here a large rock.
Polyphemus throws the death yak at you! The death yak misses you.
The death yak gores you!
You die...

.≈≈≈≈≈≈≈≈≈≈...#......P≈P≈≈≈≈≈
≈≈≈≈≈≈≈≈.≈≈...##.....P≈≈≈≈≈≈≈
≈≈≈≈≈≈≈≈..≈..........PP≈≈≈≈≈
≈≈≈..≈≈..≈≈.P...≈.P≈PPP≈ ≈
≈≈≈≈......≈≈≈PPP≈≈≈≈≈P≈≈ ≈
.≈..≈[.....PP.P≈≈≈≈.≈≈≈≈ ≈
.......†.†PP≈P.≈≈≈≈≈≈≈≈≈ ≈
....P.P...≈≈P.Y.≈≈≈≈≈≈≈≈
<...###..≈≈≈.@P.≈≈≈≈.P≈≈ ...
###..P....#.Y.≈....≈ .
.....≈≈....##t......≈ #
...≈≈≈≈≈≈...(......... #
...≈≈≈≈≈≈≈P...P.###... #
≈≈.....≈≈≈≈....C# .≈
≈≈...#..≈≈≈≈≈...# ≈
≈≈≈≈.###?.≈≈≈≈≈..... # ≈..
#..≈≈≈≈≈≈.... ..


You could see 2 death yaks and a snapping turtle.

Vanquished Creatures
  Rupert (Lair:6)
  Frances (Shoals:2)
  Agnes (D:15)
  3 orc warlords
  The ghost of tstbtto the Impaler, a journeyman CeGl of Trog (D:15)
  Louise (Shoals:2)
  The ghost of zero the Severer, a journeyman MiBe of Trog (D:12)
  A yaktaur captain (D:15)
  7 hydras
  8 centaur warriors
  A merfolk avatar (Shoals:1)
  A queen ant (Lair:3)
  A merfolk aquamancer (Shoals:2)
  3 tengu warriors (D:14)
  Urug (Lair:2)
  2 orc high priests (Orc:2)
  4 death yaks (Lair:6)
  Nergalle (Lair:2)
  Sonja (D:15)
  A fire crab (shapeshifter) (D:15)
  4 sea snakes
  7 orc knights
  4 harpies (Shoals:3)
  8 hill giants
  An oklob plant (Lair:4)
  2 deep elf magi (D:15)
  15 ugly things
  A wolf spider zombie (D:14)
  4 fauns
  A hornet (shapeshifter) (D:14)
  A manticore (D:13)
  5 griffons
  2 orc sorcerers (Orc:2)
  5 sirens
  11 cyclopes
  3 black mambas
  2 gargoyles
  6 water nymphs
  9 spiny frogs
  2 rime drakes
  4 centaur skeletons
  A kobold demonologist (D:14)
  8 komodo dragons
  A yaktaur (D:15)
  7 trolls
  2 spriggan druids (Lair:6)
  A wind drake (Shoals:3)
  8 polar bears
  7 merfolk
  3 meliai (D:13)
  3 two-headed ogres
  17 blink frogs
  4 slime creatures (D:15)
  2 snapping turtles
  2 shadows (D:15)
  5 redbacks (Lair:6)
  4 water elementals
  2 wyverns
  39 yaks
  13 spriggans (Lair:6)
  16 humans
  2 hungry ghosts
  12 hippogriffs
  A steam dragon (D:11)
  3 vampire mosquitoes (D:14)
  A mottled dragon (D:15)
  4 wargs (Orc:2)
  11 soldier ants
  A giant eyeball (shapeshifter) (D:13)
  10 water moccasins
  8 porcupines
  39 orc warriors
  3 sky beasts
  2 wasps (Lair:6)
  An eye of draining (D:12)
  An ice beast (D:15)
  A phantom (D:8)
  9 black bears
  15 ogres
  32 wolves (Lair:6)
  12 crocodiles
  22 centaurs
  A big kobold (D:11)
  A gnoll sergeant (Orc:2)
  12 giant frogs
  A wyvern zombie (D:12)
  3 jellies
  7 scorpions
  A water moccasin zombie (D:8)
  15 killer bees
  4 wights (D:15)
  An electric eel (Lair:2)
  5 howler monkeys
  5 crimson imps
  3 giant frog zombies
  5 centaur zombies
  2 giant frog skeletons
  3 quasits
  23 orc priests
  Crazy Yiuf (D:2)
  6 hounds
  32 orc wizards
  Natasha (D:3)
  5 iguanas
  41 worker ants
  34 sheep
  A worker ant zombie (D:8)
  Robin (D:3)
  7 adders
  3 gnolls (D:6)
  51 river rats
  5 shadow imps
  An adder zombie (D:9)
  2 adder skeletons (D:5)
  2 giant geckos
  93 orcs
  5 giant cockroaches
  18 goblins
  6 hobgoblins
  8 jackals
  3 quokkas
  4 ball pythons
  4 bats
  5 giant newts
  2 gnoll zombies (D:8)
  A goblin skeleton (D:6)
  9 kobolds
  A kobold skeleton (D:6)
  2 kobold zombies (D:6)
  3 orc skeletons (D:6)
  A quokka skeleton (D:4)
  4 rats
  4 fungi
  A plant (Shoals:2)
932 creatures vanquished.

Vanquished Creatures (collateral kills)
  An orc sorcerer (Orc:2)
1 creature vanquished.

Vanquished Creatures (others)
  An ooze (D:1)
  6 fungi
  4 plants
11 creatures vanquished.

Grand Total: 944 creatures vanquished

Notes
Turn   | Place    | Note
--------------------------------------------------------------
     0 | D:1      | pk666 the Minotaur Berserker began the quest for the Orb.
     0 | D:1      | Reached XP level 1. HP: 19/19 MP: 0/0
   196 | D:1      | Reached XP level 2. HP: 19/27 MP: 1/1
   764 | D:2      | Found an opulent altar of Gozag.
   994 | D:2      | Noticed Crazy Yiuf
   998 | D:2      | Killed Crazy Yiuf
   998 | D:2      | Reached XP level 3. HP: 32/33 MP: 2/2
  1255 | D:2      | Found a deep blue altar of Sif Muna.
  1300 | D:3      | Reached ** piety under Trog
  1479 | D:3      | Reached XP level 4. HP: 41/41 MP: 3/3
  1600 | D:3      | Noticed Robin
  1620 | D:3      | Killed Robin
  1806 | D:3      | Found a shimmering altar of Xom.
  1911 | D:3      | Noticed Natasha
  1919 | D:3      | Killed Natasha
  2072 | D:3      | Reached XP level 5. HP: 47/47 MP: 4/4
  2252 | D:3      | You fall through a shaft!
  2286 | D:4      | Reached skill level 5 in Fighting
  2588 | D:4      | Reached XP level 6. HP: 56/56 MP: 5/5
  2612 | D:4      | Reached skill level 5 in Axes
  2792 | D:4      | Found a bloodstained altar of Trog.
  2811 | D:4      | Reached *** piety under Trog
  2819 | D:4      | Reached skill level 5 in Armour
  3009 | D:4      | Found Ziddo's Gadget Shop.
  3058 | D:4      | Reached XP level 7. HP: 28/62 MP: 6/6
  3092 | D:4      | Reached skill level 5 in Dodging
  3520 | D:5      | Entered Level 5 of the Dungeon
  3997 | D:5      | Found an oddly glowing altar of Pakellas.
  4021 | D:5      | Found a hide-covered altar of Uskayaw.
  4446 | D:5      | Reached XP level 8. HP: 71/71 MP: 7/7
  4451 | D:5      | Found a radiant altar of Vehumet.
  4587 | D:6      | Found a shattered altar of Ashenzari.
  4644 | D:6      | Found a glowing drain.
  4649 | Sewer    | Entered a sewer
  5297 | D:6      | Found Jumn's Book Emporium.
  5472 | D:6      | Found a staircase to the Ecumenical Temple.
  5490 | D:6      | Reached **** piety under Trog
  5703 | D:6      | Found a glowing golden altar of the Shining One.
  6010 | D:7      | Got a fine trident
  6011 | D:7      | Identified the +8 trident of the Stork {drain, Str+6} (You found it on level 7 of the Dungeon)
  6173 | D:7      | Reached XP level 9. HP: 81/81 MP: 8/8
  6686 | D:8      | Found a stormy altar of Qazlal.
  6851 | D:8      | Found a runed door.
  6864 | D:8      | Found a runed door.
  6894 | D:8      | Found a staircase to the Lair.
  7502 | D:8      | Found a basalt altar of Yredelemnul.
  7885 | Lair:1   | Entered Level 1 of the Lair of Beasts
  7927 | Lair:1   | Noticed a komodo dragon
  7935 | Lair:1   | Killed a komodo dragon
  7935 | Lair:1   | Reached XP level 10. HP: 70/91 MP: 9/9
  8475 | Lair:1   | Noticed a spiny frog
  8482 | Lair:1   | Killed a spiny frog
  8482 | Lair:1   | Reached skill level 10 in Fighting
  8730 | Lair:1   | Noticed a four-headed hydra
  8740 | Lair:1   | Killed a four-headed hydra
  8740 | Lair:1   | Reached skill level 10 in Axes
  8740 | Lair:1   | Reached skill level 10 in Armour
  9105 | Lair:1   | Noticed a spiny frog
  9108 | Lair:1   | Killed a spiny frog
  9149 | Lair:1   | Noticed a six-headed hydra
  9154 | Lair:1   | Killed a six-headed hydra
  9738 | Lair:1   | Reached ***** piety under Trog
  9871 | Lair:1   | Noticed a black mamba
  9895 | Lair:2   | Reached XP level 11. HP: 101/101 MP: 10/10
  9933 | Lair:2   | Found a staircase to the Snake Pit.
  9935 | Lair:2   | Noticed Urug
  9959 | Lair:2   | Killed Urug
 10220 | Lair:2   | Noticed Nergalle
 10227 | Lair:2   | Killed Nergalle
 10227 | Lair:2   | Reached skill level 10 in Dodging
 10933 | Lair:2   | Received a gift from Trog
 11086 | Lair:2   | Found a staircase to the Shoals.
 11286 | Lair:3   | Noticed an eight-headed hydra
 11289 | Lair:3   | Killed an eight-headed hydra
 11733 | Lair:3   | HP: 3/104 [poisoned by a soldier ant]
 11740 | Lair:3   | HP: 5/104 [poisoned by a soldier ant]
 11745 | Lair:3   | HP: 3/104 [poisoned by a soldier ant]
 11752 | Lair:3   | HP: 2/104 [poisoned by a soldier ant]
 11759 | Lair:3   | HP: 2/104 [poisoned by a soldier ant]
 11767 | Lair:3   | HP: 2/104 [poisoned by a soldier ant]
 11858 | Lair:3   | Noticed a queen ant
 12249 | Lair:3   | Killed a queen ant
 12383 | Lair:3   | Reached XP level 12. HP: 101/112 MP: 11/11
 12572 | Lair:3   | Received a gift from Trog
 13617 | Lair:5   | Noticed a seven-headed hydra
 13626 | Lair:5   | Killed a seven-headed hydra
 13626 | Lair:5   | Received a gift from Trog
 13914 | Lair:5   | Noticed a six-headed hydra
 13919 | Lair:5   | Killed a six-headed hydra
 14091 | Lair:5   | Noticed a seven-headed hydra
 14099 | Lair:5   | Killed a seven-headed hydra
 14420 | Lair:6   | Entered Level 6 of the Lair of Beasts
 14561 | Lair:6   | Noticed a seven-headed hydra
 14567 | Lair:6   | Killed a seven-headed hydra
 14603 | Lair:6   | Reached XP level 13. HP: 105/122 MP: 12/12
 14741 | Lair:6   | Noticed Rupert
 14757 | Lair:6   | HP: 4/122 [wolf (5)]
 15126 | Lair:6   | Received a gift from Trog
 16359 | Lair:6   | Received a gift from Trog
 16606 | Lair:6   | Got a bound crystal amulet
 17276 | Lair:6   | Killed Rupert
 17679 | Lair:6   | Found a staircase to the Slime Pits.
 18282 | D:9      | Found a staircase to the Orcish Mines.
 18367 | D:9      | Got a shimmering cloak
 18378 | D:9      | Identified the cursed +0 cloak of Subjectivity {*Confuse rN++ Int-5 SInv} (You found it on level 9 of the Dungeon)
 18378 | D:9      | Lost intelligence.
 18517 | D:9      | Found Gaarrij's Assorted Antiques.
 18559 | D:9      | Reached ****** piety under Trog
 18627 | D:9      | Reached XP level 14. HP: 131/133 MP: 4/13
 18718 | D:9      | Found a bloodstained altar of Trog.
 18821 | D:9      | Found a blossoming altar of Fedhas.
 19003 | Orc:1    | Entered Level 1 of the Orcish Mines
 19229 | Orc:1    | Found Seguiq's Gadget Boutique.
 19230 | Orc:1    | Noticed an orc warlord
 19258 | Orc:1    | Received a gift from Trog
 19271 | D:9      | Killed an orc warlord
 19745 | Orc:1    | Got a smoking battleaxe {god gift}
 19748 | D:9      | Identified the +3 battleaxe of Fatigue {drain, Str+2 Int+4} (Trog gifted it to you on level 1 of the Orcish Mines)
 19752 | D:9      | Identified the amulet of Cydwaf {Dismiss *Drain rElec rF- SInv} (You found it on level 6 of the Lair of Beasts)
 20097 | Orc:2    | Entered Level 2 of the Orcish Mines
 20495 | Orc:2    | Found a staircase to the Elven Halls.
 21230 | Orc:2    | Received a gift from Trog
 21233 | Orc:2    | Reached skill level 15 in Fighting
 21481 | Orc:2    | Noticed an orc warlord
 21496 | Orc:2    | Killed an orc warlord
 22083 | Orc:2    | Found a roughly hewn altar of Beogh.
 22090 | Orc:2    | Paralysed by an orc sorcerer for 3 turns
 22094 | Orc:2    | Reached skill level 15 in Axes
 22103 | Orc:2    | Reached skill level 15 in Armour
 22334 | Orc:2    | Found Qeefath's Antique Armour Boutique.
 22706 | Orc:2    | Received a gift from Trog
 22996 | Orc:2    | Noticed an orc warlord
 23009 | Orc:2    | Killed an orc warlord
 23014 | Orc:2    | HP: 4/135 [orc warrior/glaive[an orc warlord] (11)]
 23389 | Orc:2    | Found Seargh's General Store.
 23404 | Orc:2    | Found Tacenak's Antique Weapon Boutique.
 23419 | Orc:2    | Found Meemm's Book Boutique.
 23736 | D:10     | Entered Level 10 of the Dungeon
 23736 | D:10     | Found Fawkes's Antique Armour Emporium.
 23920 | D:10     | Identified 2 scrolls of acquirement
 25206 | D:11     | Got a coiled amber ring
 25207 | D:11     | Identified the ring "Wyecinn" {*Confuse rElec Str+2 Int+2 Stlth+} (You found it on level 11 of the Dungeon)
 25561 | D:11     | Received a gift from Trog
 25755 | D:12     | Noticed zero's ghost (journeyman MiBe)
 25767 | D:12     | Killed zero's ghost
 25918 | D:12     | Found Ratud's Food Emporium.
 27550 | D:13     | Received a gift from Trog
 27550 | D:13     | Reached XP level 15. HP: 124/143 MP: 4/14
 28074 | D:13     | Found a gate to the Vaults.
 28943 | D:14     | Received a gift from Trog
 29477 | D:15     | Entered Level 15 of the Dungeon
 30576 | D:15     | Reached skill level 15 in Dodging
 30579 | D:15     | Found a staircase to the Depths.
 30806 | D:15     | Noticed Sonja
 30853 | D:15     | Noticed tstbtto's ghost (journeyman CeGl)
 30861 | D:15     | Killed tstbtto's ghost
 31611 | D:15     | Found a shadowy altar of Dithmenos.
 31644 | D:15     | Killed Sonja
 31736 | D:15     | Noticed Agnes
 31746 | D:15     | Killed Agnes
 32349 | Snake:1  | Entered Level 1 of the Snake Pit
 32402 | Shoals:1 | Entered Level 1 of the Shoals
 34047 | Shoals:1 | Received a gift from Trog
 34182 | Shoals:2 | Noticed Frances
 34182 | Shoals:2 | Reached XP level 16. HP: 109/155 MP: 5/15
 34191 | Shoals:2 | Gained mutation: Your magical capacity is low. (-10% MP) [a neqoxec]
 34605 | Shoals:2 | Killed Frances
 35207 | Shoals:2 | Noticed Louise
 35224 | Shoals:2 | Killed Louise
 36865 | Shoals:3 | Noticed Polyphemus
 36866 | Shoals:3 | HP: 1/155 [Polyphemus/large rock (10)]
 36872 | Shoals:3 | Mangled by a death yak

Vault maps used:
D:1:      dpeg_arrival_fog, lemuel_flame_loot_1
D:2:      nicolae_gozag_seed_capital, lemuel_coloured_pillars_altar,
          serial_forest, infiniplex_forest_corner_2,
          infiniplex_forest_clump_cross, infiniplex_forest_lined_corner,
          infiniplex_forest_corner_1, infiniplex_forest_clump_cross,
          uniq_crazy_yiuf_cottage
D:3:      xom_teletrap_fun, uniq_natasha, uniq_robin
D:4:      first_bread, serial_shops, nicolae_shop_statue_plus,
          trog_butcher_becter
D:5:      old_standard_altar, grunt_pakellas_basics, lemuel_round_altar
D:6:      nicolae_tso_besieged_by_evil, evilmike_ruin_ashenzari,
          minmay_temple_entry_large_hall, lightli_sewer_entry_pipes,
          serial_shops, shop_coins
D:7:      serial_curves, eino_curves_03, eino_curves_03,
          kennysheep_generic_room_12
D:8:      lemuel_insect_pit, lemuel_zombie_altar_yredelemnul, dpeg_oklobed_lair,
          basic_altar, grunt_pizzeria, st_stairs_12, due_unseen_surprise
D:9:      kennysheep_mini, lemuel_crystal_altar, orc_0_dummy, serial_shops,
          kennysheep_mini_moat
D:10:     serial_shops, shop
D:12:     serial_shops, shop, enter_bailey_3, hangedman_decor_slide_cut,
          evilmike_surprise_oklob
D:13:     david_vaults_3, lab_entry_generic
D:14:     minivault_4
D:15:     grunt_enter_depths_snipers, grunt_dithmenos_shadows,
          serial_bayou_pond_e, uniq_agnes, uniq_sonja
Lair:1:   beast_lair_carwin_9
Lair:2:   elwin_shoals_entry_rooms, dummy_snake_entry, uniq_nergalle, uniq_urug
Lair:3:   zaba_antful_of_joy
Lair:4:   minmay_lair_oklob_items, bh_autumn_forest_stairs
Lair:6:   minmay_lair_end_enchanted_forest, minmay_slime_entry_oklob_enclosed,
          grunt_megastairs_3, uniq_rupert
Shoals:2: uniq_frances, uniq_louise
Shoals:3: serial_shops, shop, uniq_polyphemus
Snake:1:  basic_altar
Orc:1:    serial_shops, nicolae_shop_stone
Orc:2:    grunt_orc_cross, sword_in_stone
Sewer:    sewer_the_crocodile

Skill      XL: |  1  2  3  4  5  6  7  8  9 10 11 12 13 14 15 16 |
---------------+-------------------------------------------------+-----
Fighting       | 4 5 6 7 9 10 12 13 14 15 17 | 17.3
Axes           | 4 5 6 7 9 10 11 13 14 15 16 17 | 17.1
Armour         | 3 4 5 6 7 9 10 11 13 14 15 16 17 | 17.1
Dodging        | 3 4 5 6 8 9 11 12 13 14 15 | 15.7

Action                   |  1- 3 |  4- 6 |  7- 9 | 10-12 | 13-15 | 16-18 || total
-------------------------+-------+-------+-------+-------+-------+-------++-------
Melee: Hand axe          |    33 |       |       |       |       |       ||    33
       War axe           |    32 |    81 |   158 |       |       |       ||   271
       Headbutt          |     8 |    12 |    38 |   114 |   283 |    24 ||   479
       Trident           |       |       |   131 |   474 |   256 |       ||   861
       Executioner's axe |       |       |       |       |  1023 |   124 ||  1147
Invok: Berserk           |       |     3 |     3 |    12 |    27 |     1 ||    46
       Burn Spellbooks   |       |       |       |       |     1 |     1 ||     2
       Trog's Hand       |       |       |       |       |     1 |       ||     1
       Brothers in Arms  |       |       |       |       |     1 |       ||     1
  Use: Scroll            |       |       |     3 |     1 |    25 |     2 ||    31
       Potion            |       |       |       |     2 |     3 |     2 ||     7
  Eat: Chunk             |     2 |     8 |    17 |    29 |   101 |    10 ||   167
       Pizza             |       |       |     1 |     3 |     2 |       ||     6
       Beef jerky        |       |       |       |     1 |     1 |       ||     2
Armor: Animal skin       |     5 |       |       |       |       |       ||     5
       Ring mail         |    15 |    27 |    54 |       |       |       ||    96
       Scale mail        |       |       |     3 |       |       |       ||     3
       Plate armour      |       |       |    23 |   247 |   732 |   102 ||  1104
Dodge: Dodged            |    53 |    61 |   135 |   335 |   971 |   126 ||  1681
